| TOP OF THE 1ST |
|
Arkansas Travelers batting - Pitching for Amarillo Gold Sox : RHP Larry Kuhn
|
|
Pitching: RHP Larry Kuhn
|
|
|
Batting: RHB Nehames Bernstine
|
0-0: Ground out 1-3 (Groundball, 13S, EV 67.5 MPH)
|
|
Batting: RHB Denny Gonzalez
|
0-0: Ball 1-0: Called Strike 1-1: Ball 2-1: Foul Ball, location: 2F 2-2: Ball 3-2: Strikes out swinging
|
|
Batting: LHB Dave Magadan
|
0-0: Ball 1-0: Foul Ball, location: 2F 1-1: Fly out, F7 (Flyball, 78M, EV 95.6 MPH)
|
| Top of the 1st over - 0 runs, 0 hits, 0 errors, 0 left on base; Arkansas 0 - Amarillo 0 |
| BOTTOM OF THE 1ST |
|
Amarillo Gold Sox batting - Pitching for Arkansas Travelers : LHP Curt Young
|
|
Pitching: LHP Curt Young
|
|
|
Batting: SHB Mike Felder
|
0-0: Called Strike 0-1: SINGLE (Line Drive, 5, EV 99.4 MPH)
|
|
Batting: LHB Hector Arroyo
|
0-0: Called Strike 0-1: Ball 1-1: Ball 2-1: Ball 3-1: Foul Ball, location: 2F 3-2: Fielders Choice at 2nd, 4-6 (Groundball, 34, EV 93.1 MPH)
|
|
Batting: SHB Al Newman
|
0-0: Foul Ball, location: 2F 0-1: Ball 1-1: SINGLE (Groundball, 4MD, EV 97.5 MPH) Hector Arroyo to second Runner from 2nd tries for 3rd, SAFE, throw by CF made to third
|
|
Batting: LHB Louie Meadows
|
0-0: Ball Al Newman is caught stealing 2nd base 2-6 1-0: SINGLE (Groundball, 56D, EV 101.3 MPH) Hector Arroyo scores
|
|
Batting: RHB Bill Pecota
|
0-0: Ball 1-0: Ball 2-0: Ball 3-0: Called Strike 3-1: Fly out, F9 (Flyball, 9D, EV 109.4 MPH)
|
| Bottom of the 1st over - 1 run, 3 hits, 0 errors, 1 left on base; Arkansas 0 - Amarillo 1 |
| TOP OF THE 2ND |
|
Arkansas Travelers batting - Pitching for Amarillo Gold Sox : RHP Larry Kuhn
|
|
Batting: SHB Bobby Bonilla
|
0-0: Ball 1-0: Ball 2-0: Ground out 4-3 (Groundball, 34, EV 80.6 MPH)
|
|
Batting: RHB Kevin Seitzer
|
0-0: Ball 1-0: Foul Ball, location: 2F 1-1: Foul Ball, location: 2F 1-2: Ball 2-2: Foul Ball, location: 2F 2-2: Fly out, F7 (Line Drive, 7, EV 91.9 MPH)
|
|
Batting: LHB Phil Stephenson
|
0-0: Ball 1-0: Ball 2-0: Foul Ball, location: 2F 2-1: Ball 3-1: Base on Balls
|
|
Batting: LHB Jesus Marinez
|
0-0: Ball 1-0: SINGLE (Line Drive, 7S, EV 91.9 MPH) Phil Stephenson to second Runner from 2nd tries for 3rd, OUT! 7-5
|
| Top of the 2nd over - 0 runs, 1 hit, 0 errors, 1 left on base; Arkansas 0 - Amarillo 1 |
| BOTTOM OF THE 2ND |
|
Amarillo Gold Sox batting - Pitching for Arkansas Travelers : LHP Curt Young
|
|
Batting: SHB Steve Jeltz
|
0-0: Called Strike 0-1: Ball 1-1: Foul Ball, location: 2F 1-2: Ground out 6-3 (Groundball, 56, EV 76.9 MPH)
|
|
Batting: RHB Andrew Barbee
|
0-0: Ball 1-0: Foul Ball, location: 2F 1-1: Ball 2-1: Ball 3-1: Base on Balls
|
|
Batting: RHB Vic Alvarado
|
0-0: Ball 1-0: Fly out, F6 (Popup, 6M, EV 50.6 MPH)
|
|
Batting: RHB Chino Cadahia
|
0-0: Ball 1-0: Called Strike 1-1: SINGLE (Groundball, 34D, EV 96.3 MPH) Andrew Barbee to second Runner from 2nd tries for 3rd, SAFE, throw by RF made to third
|
|
Batting: SHB Mike Felder
|
0-0: Called Strike 0-1: Ball 1-1: Ball 2-1: Ball 3-1: Called Strike 3-2: Foul Ball, location: 2F 3-2: Foul Ball, location: 2F 3-2: Base on Balls Chino Cadahia to second
|
|
Batting: LHB Hector Arroyo
|
0-0: Ball 1-0: Ball 2-0: Ground out U3 (Groundball, 3, EV 106.9 MPH)
|
| Bottom of the 2nd over - 0 runs, 1 hit, 0 errors, 3 left on base; Arkansas 0 - Amarillo 1 |
| TOP OF THE 3RD |
|
Arkansas Travelers batting - Pitching for Amarillo Gold Sox : RHP Larry Kuhn
|
|
Batting: RHB Michael Strawberry
|
0-0: Ball 1-0: Ball 2-0: Foul Ball, location: 2F 2-1: Ground out 6-3 (Groundball, 6S, EV 71.3 MPH)
|
|
Batting: RHB Alex Duarte
|
0-0: Foul Ball, location: 2F 0-1: Foul Ball, location: 2F 0-2: Foul Ball, location: 2F 0-2: Strikes out swinging
|
|
Batting: RHB Nehames Bernstine
|
0-0: Ball 1-0: Foul Ball, location: 2F 1-1: Fly out, F7 (Flyball, 78S, EV 96.3 MPH)
|
| Top of the 3rd over - 0 runs, 0 hits, 0 errors, 0 left on base; Arkansas 0 - Amarillo 1 |
| BOTTOM OF THE 3RD |
|
Amarillo Gold Sox batting - Pitching for Arkansas Travelers : LHP Curt Young
|
|
Batting: SHB Al Newman
|
0-0: Called Strike 0-1: Foul Ball, location: 2F 0-2: Fly out, F8 (Line Drive, 8RD, EV 85.6 MPH)
|
|
Batting: LHB Louie Meadows
|
0-0: Ball 1-0: Ball 2-0: Ground out 4-3 (Groundball, 4, EV 95.6 MPH)
|
|
Batting: RHB Bill Pecota
|
0-0: Ball 1-0: Ball 2-0: Ball 3-0: Called Strike 3-1: Base on Balls
|
|
Batting: SHB Steve Jeltz
|
0-0: Ball 1-0: Foul Ball, location: 2F 1-1: Ball 2-1: Foul Ball, location: 2F 2-2: Ball Bill Pecota steals 2nd base 3-2: SINGLE (Line Drive, 56, EV 103.1 MPH) Bill Pecota to third Bill Pecota scores
|
|
Batting: RHB Andrew Barbee
|
0-0: Ball 1-0: Ball 2-0: Foul Ball, location: 2F 2-1: Ball 3-1: Base on Balls Steve Jeltz to second
|
|
Batting: RHB Vic Alvarado
|
0-0: Swinging Strike 0-1: Fielders Choice at 2nd, 6-4 (Groundball, 6, EV 103.1 MPH)
|
| Bottom of the 3rd over - 1 run, 1 hit, 0 errors, 2 left on base; Arkansas 0 - Amarillo 2 |
| TOP OF THE 4TH |
|
Arkansas Travelers batting - Pitching for Amarillo Gold Sox : RHP Larry Kuhn
|
|
Batting: RHB Denny Gonzalez
|
0-0: Called Strike 0-1: Reached on error, E5 (Groundball, 5S, EV 68.8 MPH)
|
|
Batting: LHB Dave Magadan
|
0-0: Called Strike 0-1: Foul Ball, location: 2F 0-2: Ball 1-2: Ball 2-2: Ball 3-2: Foul Ball, location: 2F 3-2: Base on Balls Denny Gonzalez to second
|
|
Batting: SHB Bobby Bonilla
|
0-0: Called Strike 0-1: Ball 1-1: SINGLE (Line Drive, 8RS, EV 87.5 MPH) Denny Gonzalez to third Dave Magadan to second
|
|
Batting: RHB Kevin Seitzer
|
0-0: Grounds into double play, 3-6-1 (Groundball, 34, EV 81.3 MPH) Denny Gonzalez scores Dave Magadan to third
|
|
Batting: LHB Phil Stephenson
|
0-0: Called Strike 0-1: Ball 1-1: Foul Ball, location: 2F 1-2: Ball 2-2: Ball 3-2: DOUBLE (Line Drive, 89M, EV 97.5 MPH) Dave Magadan scores
|
|
Batting: LHB Jesus Marinez
|
0-0: Called Strike 0-1: Ball 1-1: Foul Ball, location: 2F 1-2: Ball 2-2: Fly out, F9 (Flyball, 9LM, EV 106.3 MPH)
|
| Top of the 4th over - 2 runs, 2 hits, 1 error, 1 left on base; Arkansas 2 - Amarillo 2 |
| BOTTOM OF THE 4TH |
|
Amarillo Gold Sox batting - Pitching for Arkansas Travelers : LHP Curt Young
|
|
Batting: RHB Chino Cadahia
|
0-0: Called Strike 0-1: Called Strike 0-2: Fly out, F9 (Flyball, 9LS, EV 89.4 MPH)
|
|
Batting: SHB Mike Felder
|
0-0: Ball 1-0: Ball 2-0: SINGLE (Flyball, 3D, EV 90.0 MPH)
|
|
Batting: LHB Hector Arroyo
|
0-0: Called Strike 0-1: Ball 1-1: Ball 2-1: Swinging Strike 2-2: SINGLE (Groundball, 34S, EV 71.3 MPH) (infield hit) Mike Felder to second
|
|
Batting: SHB Al Newman
|
0-0: Called Strike 0-1: Ball 1-1: Called Strike 1-2: Foul Ball, location: 2F 1-2: Foul Ball, location: 2F 1-2: Foul Ball, location: 2F 1-2: Grounds out, U3 (Groundball, 3L, EV 88.8 MPH) Mike Felder to third
|
|
Batting: LHB Louie Meadows
|
0-0: Called Strike 0-1: Foul Ball, location: 2F 0-2: Ball 1-2: Ground out U3 (Groundball, 3, EV 103.8 MPH)
|
| Bottom of the 4th over - 0 runs, 2 hits, 0 errors, 2 left on base; Arkansas 2 - Amarillo 2 |
| TOP OF THE 5TH |
|
Arkansas Travelers batting - Pitching for Amarillo Gold Sox : RHP Larry Kuhn
|
|
Batting: RHB Michael Strawberry
|
0-0: Ball 1-0: Called Strike 1-1: Foul Ball, location: 2F 1-2: Strikes out swinging
|
|
Batting: RHB Alex Duarte
|
0-0: Ball 1-0: Ball 2-0: Ball 3-0: Called Strike 3-1: Base on Balls
|
|
Batting: RHB Nehames Bernstine
|
0-0: Ball Alex Duarte is caught stealing 2nd base 2-4 1-0: Fly out, F8 (Line Drive, 8LD, EV 105.6 MPH)
|
| Top of the 5th over - 0 runs, 0 hits, 0 errors, 0 left on base; Arkansas 2 - Amarillo 2 |
| BOTTOM OF THE 5TH |
|
Amarillo Gold Sox batting - Pitching for Arkansas Travelers : LHP Curt Young
|
|
Batting: RHB Bill Pecota
|
0-0: Called Strike 0-1: Ball 1-1: Ball 2-1: Ball 3-1: Base on Balls
|
|
Batting: SHB Steve Jeltz
|
0-0: Ball 1-0: Sac Bunt to 3S - play at first, batter OUT! 3-4 Bill Pecota to second
|
|
Batting: RHB Andrew Barbee
|
0-0: Called Strike 0-1: Ball 1-1: Ball 2-1: Called Strike 2-2: Foul Ball, location: 2F 2-2: Foul Ball, location: 2F 2-2: Strikes out swinging
|
|
Batting: RHB Vic Alvarado
|
0-0: Ball 1-0: Fly out, F8 (Flyball, 78M, EV 73.8 MPH)
|
| Bottom of the 5th over - 0 runs, 0 hits, 0 errors, 1 left on base; Arkansas 2 - Amarillo 2 |
| TOP OF THE 6TH |
|
Arkansas Travelers batting - Pitching for Amarillo Gold Sox : RHP Larry Kuhn
|
|
Batting: RHB Denny Gonzalez
|
0-0: Ball 1-0: Ball 2-0: Ball 3-0: Base on Balls
|
|
Batting: LHB Dave Magadan
|
0-0: Foul Ball, location: 2F 0-1: Grounds into double play, 4-6-3 (Groundball, 34, EV 110.0 MPH)
|
|
Batting: SHB Bobby Bonilla
|
0-0: Called Strike 0-1: Ball 1-1: Foul Ball, location: 2F 1-2: Ground out 5-3 (Groundball, 56, EV 105.6 MPH)
|
| Top of the 6th over - 0 runs, 0 hits, 0 errors, 0 left on base; Arkansas 2 - Amarillo 2 |
| BOTTOM OF THE 6TH |
|
Amarillo Gold Sox batting - Pitching for Arkansas Travelers : LHP Curt Young
|
|
Batting: RHB Chino Cadahia
|
0-0: SINGLE (Groundball, 6D, EV 107.5 MPH)
|
|
Batting: SHB Mike Felder
|
0-0: Ball 1-0: Called Strike 1-1: SINGLE (Flyball, 6D, EV 90.6 MPH) Chino Cadahia to second
|
|
Batting: LHB Hector Arroyo
|
0-0: Called Strike 0-1: Grounds into double play, 4-6-3 (Groundball, 4, EV 90.0 MPH) Chino Cadahia to third
|
|
Batting: SHB Al Newman
|
0-0: Ball 1-0: Called Strike 1-1: Ball 2-1: Ball 3-1: Foul Ball, location: 2F 3-2: SINGLE (Line Drive, 78S, EV 107.5 MPH) Chino Cadahia scores
|
|
Batting: LHB Louie Meadows
|
0-0: Foul Ball, location: 2F 0-1: Ball 1-1: Foul Ball, location: 2F 1-2: Foul Ball, location: 2F 1-2: Ball Al Newman is caught stealing 2nd base 2-6
|
| Bottom of the 6th over - 1 run, 3 hits, 0 errors, 0 left on base; Arkansas 2 - Amarillo 3 |
| TOP OF THE 7TH |
|
Arkansas Travelers batting - Pitching for Amarillo Gold Sox : RHP Larry Kuhn
|
|
Batting: RHB Kevin Seitzer
|
0-0: Swinging Strike 0-1: Called Strike 0-2: Ball 1-2: Strikes out swinging
|
|
Batting: LHB Phil Stephenson
|
0-0: Ball 1-0: Ball 2-0: Ball 3-0: Called Strike 3-1: Base on Balls
|
|
Batting: LHB Jesus Marinez
|
0-0: SINGLE (Groundball, 4MD, EV 99.4 MPH) Phil Stephenson to second Runner from 2nd tries for 3rd, SAFE, throw by CF made to third
|
|
Batting: RHB Michael Strawberry
|
0-0: Called Strike 0-1: Ball 1-1: Swinging Strike 1-2: SINGLE (Flyball, 6D, EV 90.6 MPH) Phil Stephenson scores Jesus Marinez to second
|
|
Pitching: RHP Luis Peralta
|
|
|
Batting: RHB Alex Duarte
|
0-0: Called Strike 0-1: Fly out, F7 (Flyball, 7, EV 91.3 MPH)
|
|
Batting: RHB Nehames Bernstine
|
0-0: Foul Ball, location: 2F 0-1: Foul Ball, location: 2F 0-2: Fly out, F9 (Flyball, 89S, EV 89.4 MPH)
|
| Top of the 7th over - 1 run, 2 hits, 0 errors, 2 left on base; Arkansas 3 - Amarillo 3 |
| BOTTOM OF THE 7TH |
|
Amarillo Gold Sox batting - Pitching for Arkansas Travelers : LHP Curt Young
|
|
Batting: LHB Louie Meadows
|
0-0: Ball 1-0: Ball 2-0: Foul Ball, location: 2F 2-1: SINGLE (Line Drive, 78M, EV 97.5 MPH)
|
|
Batting: RHB Bill Pecota
|
0-0: Fly out, F8 (Flyball, 89S, EV 90.6 MPH)
|
|
Batting: SHB Steve Jeltz
|
0-0: Ball 1-0: Ball 2-0: Called Strike 2-1: DOUBLE (Line Drive, 89D, EV 105.6 MPH) Louie Meadows to third Runner from 3rd tries for Home, SAFE, throw by RF to trailing runner, SAFE at third!
|
|
Batting: RHB Andrew Barbee
|
0-0: Intentional Walk
|
|
Batting: RHB Vic Alvarado
|
0-0: Foul Ball, location: 2F 0-1: Ball 1-1: Fielders Choice at 2nd, 4-6 (Groundball, 34, EV 87.5 MPH) Steve Jeltz scores
|
|
Batting: RHB Chino Cadahia
|
0-0: Ball 1-0: Swinging Strike 1-1: Ball 2-1: Swinging Strike 2-2: Foul Ball, location: 2F 2-2: Ball 3-2: Ground out 6-3 (Groundball, 56, EV 79.4 MPH)
|
| Bottom of the 7th over - 2 runs, 2 hits, 0 errors, 1 left on base; Arkansas 3 - Amarillo 5 |
| TOP OF THE 8TH |
|
Arkansas Travelers batting - Pitching for Amarillo Gold Sox : RHP Luis Peralta
|
|
Batting: RHB Denny Gonzalez
|
0-0: Ball 1-0: SINGLE (Groundball, 56, EV 88.8 MPH) (infield hit)
|
|
Batting: LHB Dave Magadan
|
0-0: Swinging Strike 0-1: Ball 1-1: Ball 2-1: Foul Ball, location: 2F 2-2: Grounds into double play, 4-6-3 (Groundball, 4M, EV 80.6 MPH)
|
|
Batting: SHB Bobby Bonilla
|
0-0: Ball 1-0: Swinging Strike 1-1: Called Strike 1-2: Ball 2-2: Ball 3-2: Base on Balls
|
|
Batting: RHB Kevin Seitzer
|
0-0: Swinging Strike 0-1: Called Strike 0-2: Ball 1-2: Strikes out looking
|
| Top of the 8th over - 0 runs, 1 hit, 0 errors, 1 left on base; Arkansas 3 - Amarillo 5 |
| BOTTOM OF THE 8TH |
|
Amarillo Gold Sox batting - Pitching for Arkansas Travelers : LHP Curt Young
|
|
Pitching: RHP Donald Brazell
|
|
|
Batting: SHB Mike Felder
|
0-0: Ball 1-0: Foul Ball, location: 2F 1-1: Ball 2-1: Foul Ball, location: 2F 2-2: Ground out 5-3 (Groundball, 5S, EV 62.5 MPH)
|
|
Batting: LHB Hector Arroyo
|
0-0: Foul Ball, location: 2F 0-1: Foul Ball, location: 2F 0-2: Foul Ball, location: 2F 0-2: SINGLE (Line Drive, 8RS, EV 100.0 MPH)
|
|
Batting: SHB Al Newman
|
0-0: Ball 1-0: Fly out, F8 (Line Drive, 8LD, EV 96.3 MPH)
|
|
Batting: LHB Louie Meadows
|
0-0: Called Strike Hector Arroyo is caught stealing 2nd base 2-6
|
| Bottom of the 8th over - 0 runs, 1 hit, 0 errors, 0 left on base; Arkansas 3 - Amarillo 5 |
| TOP OF THE 9TH |
|
Arkansas Travelers batting - Pitching for Amarillo Gold Sox : RHP Luis Peralta
|
|
Pitching: RHP Bob Tewksbury
|
|
|
Batting: LHB Phil Stephenson
|
0-0: Ball 1-0: Foul Ball, location: 2F 1-1: Swinging Strike 1-2: Fly out, F7 (Flyball, 7LD, EV 91.3 MPH)
|
|
Batting: LHB Jesus Marinez
|
0-0: Called Strike 0-1: Fly out, F9 (Flyball, 9LS, EV 90.6 MPH)
|
|
Batting: RHB Michael Strawberry
|
0-0: Fly out, F9 (Flyball, 9, EV 95.0 MPH)
|
| Top of the 9th over - 0 runs, 0 hits, 0 errors, 0 left on base; Arkansas 3 - Amarillo 5 |
|